 Dungeon Sprint DCSS version 0.14-a0-3154-g428849b (webtiles) character file.

64 Froboctopus the Gusty (level 4, -2/24 HPs)
             Began as a Tengu Air Elementalist on Mar 9, 2014.
             Was a Follower of Vehumet.
             Slain by a sky beast (6 damage)
             ... in the Dungeon (Sprint IX: "|||||||||||||||||||||||||||||").
             The game lasted 00:02:01 (199 turns).

Froboctopus the Gusty (Tengu Air Elementalist)       Turns: 199, Time: 00:02:01

HP  -2/24        AC  2     Str 11      XL: 4   Next: 12%
MP   2/11        EV 13     Int 17      God: Vehumet [*.....]
Gold 0           SH  0     Dex 17      Spells:  3 memorised,  5 levels left

rFire  . . .     SeeInvis .     p - staff of energy
rCold  . . .     Clarity  .     a - +0 robe
rNeg   . . .     Conserve .     (no shield)
rPois  .         rCorr    .     (helmet restricted)
rElec  .         rRot     .     (no cloak)
SustAb . .       Spirit   .     (no gloves)
rMut   .         Warding  .     (boots unavailable)
Saprov . . .     NoTele   +     (no amulet)
MR     .....                    r - +3 ring of strength
                                q - +3 ring of dexterity

@: lethally poisoned, very slightly contaminated, not resistant to hostile
enchantments, fairly stealthy
A: beak, talons 3
a: Renounce Religion


You were in the Dungeon.
You worshipped Vehumet.
Vehumet was aware of your devotion.
You were not hungry.

You visited 1 branch

Inventory:

Hand weapons
 j - a +2,+2 halberd of venom
 l - a +2,+2 cutlass of speed
Armour
 a - a +0 robe (worn)
Magical devices
 o - a wand of draining (7)
Comestibles
 c - a bread ration
Scrolls
 i - 2 scrolls of blinking
 m - 3 scrolls of remove curse
 n - 2 scrolls of amnesia
Jewellery
 q - a +3 ring of dexterity (left hand)
 r - a +3 ring of strength (right hand)
Potions
 d - 5 potions of curing
 e - 3 potions of heal wounds
 f - a potion of speed
 g - 4 potions of magic
 h - a potion of berserk rage
 k - a potion of invisibility
Books
 b - a book of Air

   Spells                             Type                      Level
   *Shock                             Conjuration/Air              1
   *Swiftness                         Charms/Air                   2
   *Repel Missiles                    Charms/Air                   2
   Flight                             Charms/Air                   3
   Static Discharge                   Conjuration/Air              3
   Lightning Bolt                     Conjuration/Air              5
Magical staves
 p - an uncursed staff of energy (weapon)


   Skills:
 - Level 2.1 Dodging
 - Level 2.0 Stealth
 + Level 3.6 Spellcasting
 * Level 6.4 Conjurations
 * Level 7.4 Air Magic


You had 5 spell levels left.
You knew the following spells:

 Your Spells              Type           Power        Failure   Level  Hunger
a - Shock                 Conj/Air       ####         1%          1    None
b - Swiftness             Chrm/Air       ###.....     6%          2    None
c - Repel Missiles        Chrm/Air       ###...       6%          2    None


Dungeon Overview and Level Annotations

Branches:
Dungeon (1/1)

Altars:
Ashenzari
Cheibriados
Dithmenos
Elyvilon
Fedhas
Kikubaaqudgha
Makhleb
Nemelex Xobeh
Okawaru
Sif Muna
Trog
Vehumet
Xom
Yredelemnul
Zin
The Shining One


Innate Abilities, Weirdness & Mutations

You have a beak for a mouth.
You have claws for feet.


Message History

The zap hits the hungry ghost.
The hungry ghost is heavily damaged.
The adder bites you.
* * * LOW HITPOINT WARNING * * *
Casting: Shock
Confirm with . or Enter, or press ? or * to list all spells.
Aiming: Shock
Press: ? - help, Shift-Dir - straight line, f/p - adder
Aim: an adder (heavily wounded)
The zap hits the adder.
You kill the adder!
Vehumet accepts your kill.
You have reached level 4!
You feel clever.
The zap misses the hungry ghost.
The zap hits the hungry ghost.
The hungry ghost is severely damaged.
Something hits you.
* * * LOW HITPOINT WARNING * * *
Something shocks you!
You die...

▓.▓
▓.▓
▓)▓
▓)▓
▓[▓
▓[▓
▓[▓
▓.▓
▓@▓
▓{▓
▓p▓
▓.▓
▓p▓
▓.▓
▓.▓
▓.▓
▓+▓


You could see 2 hungry ghosts.

Vanquished Creatures
  A crimson imp (D)
  2 adders (D)
  A ball python (D)
  A hobgoblin (D)
  A jackal (D)
  2 kobolds (D)
  A quokka (D)
  2 goblins (D)
  2 rats (D)
13 creatures vanquished.

Notes
Turn   | Place    | Note
--------------------------------------------------------------
     0 | D        | Froboctopus, the Tengu Air Elementalist, began the quest for the Orb.
     0 | D        | Reached XP level 1. HP: 10/10 MP: 3/3
    41 | D        | Noticed a crimson imp
    42 | D        | Reached skill level 5 in Air Magic
    42 | D        | Reached XP level 2. HP: 13/15 MP: 4/6
    51 | D        | Found a glowing golden altar of the Shining One.
    51 | D        | Found a radiant altar of Vehumet.
    51 | D        | Found a sparkling altar of Nemelex Xobeh.
    51 | D        | Found a burning altar of Makhleb.
    51 | D        | Found an iron altar of Okawaru.
    51 | D        | Found a glowing silver altar of Zin.
    51 | D        | Found a shadowy altar of Dithmenos.
    52 | D        | Found an ancient bone altar of Kikubaaqudgha.
    53 | D        | Found a bloodstained altar of Trog.
    55 | D        | Found a snail-covered altar of Cheibriados.
    56 | D        | Became a worshipper of Vehumet
    57 | D        | Found a basalt altar of Yredelemnul.
    58 | D        | Found a deep blue altar of Sif Muna.
    59 | D        | Found a shimmering altar of Xom.
    60 | D        | Found a shattered altar of Ashenzari.
    64 | D        | Learned a level 2 spell: Swiftness
    68 | D        | Found a blossoming altar of Fedhas.
    69 | D        | Found a white marble altar of Elyvilon.
    70 | D        | Found a bloodstained altar of Trog.
    71 | D        | Found a shattered altar of Ashenzari.
   103 | D        | Killed a crimson imp
   103 | D        | Reached skill level 5 in Conjurations
   103 | D        | Reached skill level 6 in Air Magic
   103 | D        | Reached XP level 3. HP: 13/19 MP: 3/9
   192 | D        | Learned a level 2 spell: Repel Missiles
   192 | D        | Noticed a sky beast
   192 | D        | Noticed a hungry ghost
   192 | D        | Noticed a hungry ghost
   196 | D        | Reached skill level 7 in Air Magic
   196 | D        | Acquired Vehumet's first power
   196 | D        | Offered knowledge of Freeze by Vehumet.
   199 | D        | Reached XP level 4. HP: 6/24 MP: 2/11
   199 | D        | Slain by a sky beast

Action                   |  1- 3 |  4- 6 || total
-------------------------+-------+-------++-------
Melee: Cutlass           |     6 |       ||     6
 Cast: Shock             |    14 |     1 ||    15
